 Dungeon Sprint DCSS version 0.28-a0-479-g5baa6b73be (webtiles) character file.

Game seed: 14021268411610201921

76941 MikeHunt the Destroyer (level 14, -5/118 HPs)
             Began as a Demonspawn Fire Elementalist on Sept 17, 2021.
             Was a High Priest of Sif Muna.
             Shot with a bolt by a yaktaur captain (40 damage)
             ... in the Dungeon (Sprint III: "The Ten Rune Challenge").
             The game lasted 00:43:06 (9211 turns).

MikeHunt the Destroyer (DsFE)                       Turns: 9211, Time: 00:43:07

Health: -5/118     AC: 12    Str:  8    XL:     14   Next: 14%
Magic:  17/30      EV: 19    Int: 21    God:    Sif Muna [*****.]
Gold:   30         SH:  0    Dex: 15    Spells: 12/38 levels left

rFire   + . .      SeeInvis .   u - +0 lajatang (vamp) {!w}
rCold   . . .      Faith    .   (shield currently unavailable)
rNeg    . . .      Spirit   .   t - +2 robe {Archmagi}
rPois   .          Reflect  .   h - +2 hat {Stlth+}
rElec   .          Harm     .   E - +1 cloak
rCorr   .          Rampage  .   (no gloves)
Will    +....      Archmagi +   o - +0 pair of boots Stlth +++.......NoTele +
                                C - amulet of the acrobat
HPRegen 0.29/turn               B - ring of protection from fire
MPRegen 0.22/turn               F - ring of flight

@: flying
A: antennae 2, yellow scales 2, ignite blood 2, spiny 1
}: 2/10 runes: decaying, barnacled
a: Renounce Religion, Channel Magic, Forget Spell, Divine Exegesis


You were in the Dungeon.
You worshipped Sif Muna.
Sif Muna was extremely pleased with you.
You visited 1 branch You collected 2087 gold pieces.
You spent 2057 gold pieces at shops.

Inventory:

Hand Weapons
 u - a +0 vampiric lajatang (weapon) {!w}
Missiles
 g - 7 curare-tipped darts
 D - 6 silver javelins
Armour
 h - a +2 hat of stealth (worn)
 o - a +0 pair of boots (worn)
 t - a +2 robe of the Archmagi (worn)
 x - a +2 ring mail of positive energy
 z - the +3 leather armour of Kawnoi {rC+}
   (You bought it in a shop in the Dungeon)

   rC:        It protects you from cold.
 A - a +0 tower shield
 E - a +1 cloak (worn)
Magical Staves
 s - a staff of poison
Jewellery
 y - a ring of poison resistance
 B - a ring of protection from fire (left hand)
 C - an amulet of the acrobat (around neck)
 F - a ring of flight (right hand)
Wands
 k - a wand of flame (20)
 n - a wand of charming (8)
 p - a wand of paralysis (8)
 q - a wand of mindburst (2)
Scrolls
 j - 2 scrolls of immolation
 m - a scroll of torment {unknown}
 r - a scroll of magic mapping {unknown}
 w - a scroll of fear {unknown}
Potions
 a - a potion of resistance {unknown}
 b - 4 potions of curing
 c - a potion of might
 d - a potion of haste
 e - 3 potions of magic
 i - 4 potions of mutation
 l - 2 potions of flight
 v - 2 potions of brilliance
Miscellaneous
 f - a condenser vane


   Skills:
 - Level 13.4 Fighting
 - Level 14.0 Staves
 - Level 12.9 Dodging
 - Level 1.7 Stealth
 - Level 12.5 Spellcasting
 - Level 14.4 Conjurations
 - Level 14.0 Fire Magic
 + Level 13.3 Earth Magic
 - Level 12.4 Invocations
 - Level 10.0 Evocations


You had 12 spell levels left.
You knew the following spells:

 Your Spells              Type           Power      Damage    Failure   Level
a - Lehudib's Crystal Sp  Conj/Erth      41%        10d10     73%         8
d - Flame Wave            Conj/Fire      83%        3d14      1%          4
e - Foxfire               Conj/Fire      100%       2x1d9     0%          1
f - Fireball              Conj/Fire      41%        3d17      1%          5
r - Scorch                Fire           100%       2d10      1%          2
y - Starburst             Conj/Fire      41%        6d12      2%          6

Your spell library contained the following spells:

 Spells                   Type           Power      Damage    Failure   Level
 Magic Dart               Conj           100%       1d8       0%          1
 Sandblast                Erth           100%       2d20      1%          1
 Shock                    Conj/Air       100%       1d9       1%          1
 Passwall                 Tmut/Erth      48%        N/A       1%          2
 Searing Ray              Conj           100%       2d8       1%          2
 Static Discharge         Conj/Air       60%        N/A       1%          2
 Conjure Flame            Conj/Fire      83%        6-21      1%          3
 Dazzling Flash           Conj/Hex       100%       N/A       1%          3
 Inner Flame              Hex/Fire       59%        N/A       1%          3
 Mephitic Cloud           Conj/Pois/Air  49%        N/A       1%          3
 Stone Arrow              Conj/Erth      100%       3d13      1%          3
 Sticky Flame             Conj/Fire      83%        2d9       1%          4
 Iskenderun's Battlesphe  Conj           84%        2d13      1%          5
 Ignite Poison            Fire/Tmut/Pois 49%        N/A       2%          3
 Hailstorm                Conj/Ice       60%        3d13      2%          4
 Iskenderun's Mystic Bla  Conj/Tloc      60%        2d13      2%          4
 Animate Armour           Summ/Erth      100%       N/A       3%          4
 Leda's Liquefaction      Hex/Erth       29%        N/A       3%          4
 Petrify                  Tmut/Erth      58%        N/A       3%          4
 Beastly Appendage        Tmut           38%        N/A       4%          1
 Freeze                   Ice            76%        1d9       4%          1
 Pain                     Necr           76%        1d7       4%          1
 Sting                    Tmut/Pois      76%        1d6       4%          1
 Irradiate                Conj/Tmut      30%        3d24      7%          5
 Lightning Bolt           Conj/Air       30%        1d47      7%          5
 Blink                    Tloc           N/A        N/A       8%          2
 Ensorcelled Hibernation  Hex/Ice        38%        N/A       8%          2
 Slow                     Hex            19%        N/A       8%          2
 Sublimation of Blood     Necr           9%         N/A       8%          2
 Borgnjor's Vile Clutch   Necr/Erth      29%        N/A       9%          5
 Orb of Destruction       Conj           42%        9d14      12%         7
 Call Canine Familiar     Summ           19%        N/A       16%         3
 Ozocubu's Armour         Ice            19%        N/A       16%         3
 Portal Projectile        Hex/Tloc       38%        N/A       16%         3
 Spider Form              Tmut/Pois      9%         N/A       16%         3
 Swiftness                Air            19%        N/A       16%         3
 Teleport Other           Tloc           19%        N/A       16%         3
 Tukima's Dance           Hex            19%        N/A       16%         3
 Freezing Cloud           Conj/Ice/Air   24%        6-21      19%         5
 Conjure Ball Lightning   Conj/Air       30%        3x3d10    36%         6
 Dispel Undead            Necr           19%        3d11      45%         4
 Ice Form                 Ice/Tmut       19%        N/A       45%         4
 Olgreb's Toxic Radiance  Pois           19%        N/A       45%         4
 Passage of Golubria      Tloc           N/A        N/A       45%         4
 Summon Ice Beast         Ice/Summ       19%        N/A       45%         4
 Statue Form              Tmut/Erth      38%        N/A       45%         6
 Ignition                 Fire           41%        3d12      71%         8
 Agony                    Necr           19%        N/A       80%         5
 Alistair's Intoxication  Tmut/Pois      12%        N/A       80%         5
 Excruciating Wounds      Necr           9%         N/A       80%         5
 Summon Forest            Summ/Tloc      9%         N/A       80%         5
 Spellforged Servitor     Conj/Summ      30%        N/A       91%         7
 Eringya's Noxious Bog    Tmut/Pois      9%         N/A       100%        6
 Summon Cactus Giant      Summ           9%         N/A       100%        6
 Dragon Form              Tmut           9%         N/A       100%        7
 Haunt                    Necr/Summ      9%         N/A       100%        7
 Malign Gateway           Summ/Tloc      9%         N/A       100%        7
 Storm Form               Tmut/Air       9%         N/A       100%        7
 Infestation              Necr           9%         N/A       100%        8
 Maxwell's Capacitive Co  Air            9%         ∞         100%        8
 Chain Lightning          Conj/Air       30%        3d40      100%        9
 Death's Door             Necr           9%         N/A       100%        9
 Fire Storm               Conj/Fire      41%        8d11      100%        9


Dungeon Overview and Level Annotations

Branches:
Dungeon (1/1)

Altars:
Cheibriados
Dithmenos
Elyvilon
Fedhas
Gozag
Hepliaklqana
Kikubaaqudgha
Makhleb
Nemelex Xobeh
Okawaru
Qazlal
Ru
Sif Muna
Trog
Uskayaw
Vehumet
Wu Jian
Xom
Yredelemnul
Zin
The Shining One
Beogh
Jiyva
Lugonu

Shops:
D [!=:?=[!?:!(==:[:[

Annotations:
D Sojobo


Innate Abilities, Weirdness & Mutations

You have a pair of antennae on your head.
You are mostly covered in yellow scales. (AC +3)
Your demonic aura often causes spilled blood to erupt in flames.
You are partially covered in sharp spines.


Message History

Casting: Fireball (mildly dangerous; 1% risk of failure)
Confirm with . or Enter, or press ? or * to list all spells.
Aiming: Fireball (mildly dangerous; 1% risk of failure)
Press: ? - help, Shift-Dir - straight line, f/p - yaktaur captain
Aim: a yaktaur captain, wielding a +0 arbalest and quivering bolts (black smoke, almost dead)
You feel a surge of power!
The fireball explodes!
The fireball engulfs the yaktaur captain!
You kill the yaktaur captain!
Sif Muna accepts your kill.
Things that are here:
a +0 arbalest; 11 bolts You start resting.
HP restored.
You start resting.
A yaktaur comes into view.
The yaktaur shouts!
The yaktaur captain wields a +0 arbalest.
The yaktaur captain shoots a bolt.
The bolt hits you!!!
Casting: Fireball (mildly dangerous; 1% risk of failure)
Confirm with . or Enter, or press ? or * to list all spells.
Aiming: Fireball (mildly dangerous; 1% risk of failure)
Press: ? - help, Shift-Dir - straight line, f - yaktaur captain
Aim: a yaktaur captain, wielding a +0 arbalest and quivering bolts You feel a surge of power!
The fireball explodes!
The fireball engulfs the yaktaur captain!
The yaktaur captain is lightly wounded.
The yaktaur wields a +0 arbalest.
The yaktaur shoots a bolt.
The bolt completely misses you.
The yaktaur captain shoots a bolt.
The bolt hits you!!!
* * * LOW HITPOINT WARNING * * *
Casting: Fireball (mildly dangerous; 1% risk of failure)
Confirm with . or Enter, or press ? or * to list all spells.
Aiming: Fireball (mildly dangerous; 1% risk of failure)
Press: ? - help, Shift-Dir - straight line, f/p - yaktaur captain
Aim: a yaktaur captain, wielding a +0 arbalest and quivering bolts (lightly wounded)
You feel a surge of power!
The fireball explodes!
The fireball engulfs the yaktaur captain!
The yaktaur captain is moderately wounded.
The yaktaur captain shoots a bolt.
The bolt hits you!!!
You die...

▓▓▓▓▓▓▓▓#^..^^..#.......#
..≈≈≈...#.^.....#.......#
≈≈≈≈....'.....^^#.......#
........#)....^^######### ##+####
........##)######## ..#.#.
........#..)')§≈≈≈# #.#.#
≈≈≈..#()#...#)≈≈≈≈# { #.#.#.#.
≈≈...#([#...#.#≈≈≈## #...#.#
≈≈≈####+#####.#§@≈§# #Q#.#J#.
...°.○§°#.....###≈§≈≈≈§ ########
.)#######.....#{ )§≈§§§ #:..#...
.#...(..#.....# ##≈§§≈ #...#...
.#...(_.#.....# c§§≈ ##'###'#
#########'##### #≈≈###.......
≈≈≈≈≈≈≈▓#.....+ { c##.#.#####.
≈≈≈≈≈≈≈▓#.#############..'.#)..'.
≈≈≈≈≈..▓#.#)PP........'..#######.


You could see a yaktaur captain.

Vanquished Creatures
  A bone dragon (D)
  Rupert (D)
  Gastronok (D)
  Polyphemus (D)
  Harold (D)
  Chuck (D)
  Ilsuiw (D)
  A vampire knight (D)
  2 dire elephants (D)
  A merfolk javelineer (D)
  A fire dragon (D)
  3 yaktaur captains (D)
  3 hydras (D)
  Erolcha (D)
  4 death yaks (D)
  A centaur warrior (D)
  A deep elf knight (D)
  Urug (D)
  A sea snake (shapeshifter) (D)
  2 death drakes (D)
  A sea snake (D)
  A spriggan druid (D)
  An orange crystal statue (D)
  2 skeletal warriors (D)
  Joseph (D)
  A spectral hydra (D)
  3 deep elf zephyrmancers (D)
  2 deep elf pyromancers (D)
  A lindwurm (D)
  4 crystal guardians (D)
  2 orc sorcerers (D)
  2 ugly things (D)
  2 elephants (D)
  2 black mambas (D)
  2 cane toads (D)
  A komodo dragon (D)
  2 guardian mummies (D)
  3 wandering mushrooms (D)
  A queen bee (D)
  4 spriggan defenders (D)
  2 orc high priests (D)
  2 slime creatures (D)
  A tyrant leech (D)
  3 dream sheep (D)
  8 blink frogs (D)
  A snapping turtle (shapeshifter) (D)
  2 spriggans (D)
  A shadow (D)
  5 redbacks (D)
  A spatial vortex (D)
  A swamp drake (D)
  A hydra simulacrum (D)
  A sky beast (shapeshifter) (D)
  2 black mamba simulacra (D)
  A necrophage (D)
  2 swamp dragon skeletons (D)
  5 two-headed ogres (D)
  A water elemental (D)
  32 killer bees (D)
  An electric eel (D)
  4 orc priests (D)
  A jelly (D)
  Jessica (D)
  A wizard (D)
  3 necromancers (D)
  3 orc wizards (D)
  A wolf simulacrum (D)
  3 humans (D)
  A kobold demonologist (D)
  An adder zombie (D)
  A phantom (D)
  An adder simulacrum (D)
  10 orcs (D)
  3 bat zombies (D)
  An endoplasm (D)
  A goblin (D)
  A bat simulacrum (D)
  A giant cockroach simulacrum (D)
  A giant cockroach zombie (D)
  2 rats (D)
  6 bushes (D)
187 creatures vanquished.

Vanquished Creatures (others)
  A death drake (D)
  A rime drake (D)
  A tyrant leech (D)
  A bush (D)
  51 foxfires (D)
  26 plants (D)
81 creatures vanquished.

Grand Total: 268 creatures vanquished

Notes
Turn   | Place    | Note
-------+----------+-------------------------------------------
     0 | D        | MikeHunt the Demonspawn Fire Elementalist began the quest
                  | for the Orb.
     0 | D        | Reached XP level 1. HP: 13/13 MP: 3/3
   276 | D        | Noticed Jessica
   281 | D        | Killed Jessica
   282 | D        | Gained mutation: You are partially covered in yellow
                  | scales. (AC +2) [demonic ancestry]
   282 | D        | Reached XP level 2. HP: 19/19 MP: 0/6
   342 | D        | Learned a level 2 spell: Scorch
   349 | D        | Gained mutation: You have a pair of small antennae on your
                  | head. [demonic ancestry]
   349 | D        | Reached XP level 3. HP: 23/24 MP: 8/8
   434 | D        | Noticed a water elemental
   440 | D        | Killed a water elemental
   441 | D        | Reached skill level 5 in Spellcasting
   441 | D        | Reached skill level 5 in Conjurations
   441 | D        | Reached skill level 5 in Fire Magic
   441 | D        | Reached XP level 4. HP: 30/30 MP: 4/11
   453 | D        | Learned a level 4 spell: Flame Wave
   494 | D        | Found a radiant altar of Vehumet.
   495 | D        | Found a shimmering blue altar of Sif Muna.
   495 | D        | Noticed a wizard
   499 | D        | Killed a wizard
   504 | D        | Noticed a ynoxinul
   505 | D        | Gained mutation: Your demonic aura sometimes causes spilled
                  | blood to erupt in flames. [demonic ancestry]
   505 | D        | Reached XP level 5. HP: 35/35 MP: 1/12
   509 | D        | Found an ancient bone altar of Kikubaaqudgha.
   648 | D        | Found a shadowy altar of Dithmenos.
   648 | D        | Noticed a necrophage
   651 | D        | Killed a necrophage
   653 | D        | Found a basalt altar of Yredelemnul.
   653 | D        | Found a sacrificial altar of Ru.
   731 | D        | Reached XP level 6. HP: 32/41 MP: 12/15
   745 | D        | Became a worshipper of Sif Muna the Loreminder
   757 | D        | Noticed a shadow
   760 | D        | Killed a shadow
   794 | D        | Found a blossoming altar of Fedhas.
   794 | D        | Found a stormy altar of Qazlal.
   808 | D        | Found a snail-covered altar of Cheibriados.
   808 | D        | Found a burning altar of Makhleb.
   808 | D        | Found a hazy altar of Hepliaklqana.
   808 | D        | Found a shimmering altar of Xom.
   808 | D        | Found an opulent altar of Gozag.
   808 | D        | Found a sparkling altar of Nemelex Xobeh.
   808 | D        | Found a corrupted altar of Lugonu.
   808 | D        | Found a viscous altar of Jiyva.
   808 | D        | Noticed a spatial vortex
   899 | D        | Noticed a deep elf pyromancer
   903 | D        | Killed a deep elf pyromancer
   904 | D        | Gained mutation: You are partially covered in sharp spines.
                  | [demonic ancestry]
   904 | D        | Reached XP level 7. HP: 49/54 MP: 7/17
   929 | D        | Found a hide-covered altar of Uskayaw.
   929 | D        | Found an iron altar of Okawaru.
   929 | D        | Found a bloodstained altar of Trog.
   929 | D        | Found an ornate altar of the Wu Jian Council.
   929 | D        | Noticed a human
   930 | D        | Noticed a human
   931 | D        | Killed a human
   931 | D        | Reached * piety under Sif Muna
   932 | D        | Reached skill level 10 in Conjurations
   939 | D        | Killed a human
   940 | D        | Gained mutation: Your demonic aura often causes spilled
                  | blood to erupt in flames. [demonic ancestry]
   940 | D        | Reached XP level 8. HP: 41/61 MP: 1/19
  1111 | D        | Reached skill level 5 in Dodging
  1111 | D        | Reached skill level 1 in Invocations
  1315 | D        | Reached ** piety under Sif Muna
  1316 | D        | Reached skill level 5 in Fighting
  1316 | D        | Reached skill level 1 in Evocations
  1605 | D        | Noticed a two-headed ogre
  1609 | D        | Killed a two-headed ogre
  1823 | D        | Reached *** piety under Sif Muna
  1823 | D        | Noticed an orc sorcerer
  1824 | D        | Reached skill level 5 in Evocations
  1840 | D        | Killed an orc sorcerer
  1840 | D        | Reached **** piety under Sif Muna
  1841 | D        | Reached XP level 9. HP: 53/68 MP: 9/20
  1941 | D        | Reached ***** piety under Sif Muna
  1977 | D        | Received a gift from Sif Muna
  1978 | D        | Got Aggu's Grimoire of the Harmful Blaze {god gift}
  1991 | D        | Found Huneani's Book Boutique.
  1991 | D        | Noticed an orc sorcerer
  2004 | D        | Killed an orc sorcerer
  2005 | D        | Reached skill level 10 in Evocations
  2039 | D        | Noticed a two-headed ogre
  2039 | D        | Noticed Erolcha
  2044 | D        | Killed Erolcha
  2045 | D        | Killed a two-headed ogre
  2047 | D        | Received a gift from Sif Muna
  2048 | D        | Gained mutation: You have a pair of antennae on your head.
                  | [demonic ancestry]
  2048 | D        | Reached XP level 10. HP: 30/81 MP: 3/21
  2390 | D        | Got Sif Muna's Disquisition on Attacks {god gift}
  2397 | D        | Learned a level 5 spell: Fireball
  2415 | D        | Reached skill level 10 in Fire Magic
  2450 | D        | Received a gift from Sif Muna
  2451 | D        | Noticed a four-headed hydra
  2452 | D        | Got Sif Muna's Disquisition on Confrontation and
                  | Displacement {god gift}
  2452 | D        | Noticed a six-headed hydra
  2455 | D        | Killed a four-headed hydra
  2457 | D        | Killed a six-headed hydra
  2491 | D        | Killed a death drake
  2610 | D        | Found a blossoming altar of Fedhas.
  2610 | D        | Noticed a spriggan druid
  2616 | D        | Killed a spriggan druid
  2756 | D        | Noticed a cane toad
  2756 | D        | Noticed a cane toad
  2760 | D        | Killed a cane toad
  2760 | D        | Received a gift from Sif Muna
  2760 | D        | Killed a cane toad
  2762 | D        | Reached XP level 11. HP: 58/90 MP: 12/24
  2762 | D        | Got Sif Muna's Collected Works on Flying Moulding {god
                  | gift}
  2766 | D        | Noticed a lindwurm
  2768 | D        | Reached skill level 10 in Fighting
  2771 | D        | Killed a lindwurm
  2772 | D        | Reached skill level 10 in Dodging
  2774 | D        | Received a gift from Sif Muna
  2775 | D        | Reached skill level 10 in Spellcasting
  2775 | D        | Reached skill level 1 in Staves
  2775 | D        | Got Sif Muna's Reference Book on Freezing Conjuration {god
                  | gift}
  3165 | D        | Reached skill level 5 in Staves
  3191 | D        | Noticed Urug
  3298 | D        | Killed Urug
  3298 | D        | Reached ****** piety under Sif Muna
  3458 | D        | Received a gift from Sif Muna
  3459 | D        | Got Sif Muna's Papyrus of Combat Magic {god gift}
  3599 | D        | Noticed a death yak
  3636 | D        | Noticed Rupert
  3642 | D        | Killed Rupert
  3690 | D        | Noticed a death yak
  3691 | D        | Noticed a death yak
  3692 | D        | Noticed a death yak
  3698 | D        | Killed a death yak
  3700 | D        | Killed a death yak
  3700 | D        | Received a gift from Sif Muna
  3709 | D        | Killed a death yak
  3710 | D        | Reached XP level 12. HP: 33/97 MP: 13/26
  3712 | D        | Killed a death yak
  3952 | D        | Got Sif Muna's Compendium of the Excruciating Escort {god
                  | gift}
  4063 | D        | Noticed an azure jelly
  4063 | D        | Noticed an azure jelly
  4083 | D        | Noticed an azure jelly
  4083 | D        | Noticed an azure jelly
  4084 | D        | Noticed a dire elephant
  4084 | D        | Noticed a dire elephant
  4084 | D        | Noticed Gastronok
  4101 | D        | Killed a dire elephant
  4102 | D        | Killed a dire elephant
  4474 | D        | Killed Gastronok
  4474 | D        | Received a gift from Sif Muna
  4475 | D        | Got Sif Muna's Compendium of Distant Shores {god gift}
  4487 | D        | Learned a level 6 spell: Starburst
  4583 | D        | Noticed Polyphemus
  4588 | D        | Killed Polyphemus
  4590 | D        | Noticed Ilsuiw
  4816 | D        | Killed Ilsuiw
  5058 | D        | Received a gift from Sif Muna
  5248 | D        | Found Mauboump's Antique Armour Shoppe.
  5248 | D        | Found Qastriluo's Distillery.
  5250 | D        | Noticed a six-headed hydra
  5254 | D        | Killed a six-headed hydra
  5257 | D        | Found Rano's Jewellery Emporium.
  5385 | D        | Got a decaying rune of Zot
  5484 | D        | Bought a ring of poison resistance for 280 gold pieces
  5486 | D        | Bought a potion of curing for 33 gold pieces
  5487 | D        | Bought an ichor-stained leather armour for 161 gold pieces
  5487 | D        | Identified the +3 leather armour of Kawnoi {rC+} (You
                  | bought it in a shop in the Dungeon)
  5487 | D        | Bought a tower shield for 103 gold pieces
  5489 | D        | Bought a ring of protection from fire for 350 gold pieces
  5489 | D        | Bought an amulet of the acrobat for 420 gold pieces
  5547 | D        | Found Vinog's Magic Scroll Emporium.
  5549 | D        | Found Binylegg's Jewellery Shop.
  5555 | D        | Noticed a merfolk javelineer
  5558 | D        | Killed a merfolk javelineer
  5558 | D        | Received a gift from Sif Muna
  5559 | D        | Gained mutation: You are mostly covered in yellow scales.
                  | (AC +3) [demonic ancestry]
  5559 | D        | Reached XP level 13. HP: 96/108 MP: 8/28
  5559 | D        | Got Sif Muna's Reference Book on Spatial Transmigration
                  | {god gift}
  5568 | D        | Found Roow's Antique Armour Shoppe.
  5591 | D        | Bought an embroidered cloak for 187 gold pieces
  5615 | D        | Bought a glowing hat for 175 gold pieces
  5631 | D        | Got a barnacled rune of Zot
  5736 | D        | Noticed a deep elf demonologist
  5739 | D        | Noticed a Brimstone Fiend
  5739 | D        | Noticed an Executioner
  5740 | D        | Noticed a deep elf demonologist
  6013 | D        | Received a gift from Sif Muna
  6016 | D        | Received a gift from Sif Muna
  6022 | D        | Received a gift from Sif Muna
  6034 | D        | Got Nul Irho's Almanac of Calling and Venom {god gift}
  6034 | D        | Got Sif Muna's Sorcery in Simple Steps {god gift}
  6034 | D        | Got Mojup's Collected Works on the Enthralling Volcanoes
                  | {god gift}
  6101 | D        | Noticed Harold
  6101 | D        | Noticed Joseph
  6108 | D        | Killed Harold
  6108 | D        | Received a gift from Sif Muna
  6108 | D        | Killed Joseph
  6109 | D        | Got Sif Muna's Collected Works on Dark Rituals and Air {god
                  | gift}
  6471 | D        | Received a gift from Sif Muna
  6473 | D        | Got Sif Muna's Tome of Earthen Confrontation {god gift}
  6483 | D        | Learned a level 8 spell: Lehudib's Crystal Spear
  6702 | D        | Noticed a fire dragon
  6718 | D        | Killed a fire dragon
  6719 | D        | Reached skill level 5 in Earth Magic
  6871 | D        | Identified the +7 shortbow of Emyul {venom, Fly}
  6961 | D        | Found Akhloopp's Antique Weapon Emporium.
  6961 | D        | Found Zeinedwa's Jewellery Shop.
  6961 | D        | Found Jex Hayr's Book Boutique.
  6961 | D        | Found Ygouf's Antique Armour Shoppe.
  6961 | D        | Found Kiakh's Distillery.
  6961 | D        | Found Sinecaf's Jewellery Emporium.
  6961 | D        | Found Budysom's Book Shop.
  6961 | D        | Found Mus Egai's Magic Scroll Shop.
  6961 | D        | Found Mokuec's Armour Emporium.
  6961 | D        | Found Uced's Distillery.
  6961 | D        | Found Nyskigas's Book Boutique.
  7101 | D        | Bought a pair of boots for 103 gold pieces
  7221 | D        | Received a gift from Sif Muna
  7224 | D        | Got Sif Muna's Papyrus of Ignition and Snow {god gift}
  7354 | D        | Reached skill level 10 in Invocations
  7604 | D        | Noticed a bone dragon
  7615 | D        | Killed a bone dragon
  8040 | D        | Reached skill level 10 in Earth Magic
  8167 | D        | Noticed a bone dragon
  8170 | D        | Noticed a vampire knight
  8171 | D        | Paralysed by a vampire knight for 3 turns
  8179 | D        | Killed a vampire knight
  8179 | D        | Received a gift from Sif Muna
  8738 | D        | Reached XP level 14. HP: 118/118 MP: 30/30
  8749 | D        | Received a gift from Sif Muna
  8750 | D        | Got Sif Muna's Grimoire of Necromancy and Shape Shifting
                  | {god gift}
  8821 | D        | Noticed Chuck
  8826 | D        | Killed Chuck
  8837 | D        | Noticed Sojobo
  8957 | D        | Bought a ring of flight for 245 gold pieces
  9211 | D        | Shot with a bolt by a yaktaur captain

Illustrated notes

Levels and vault maps discovered:
D:        dungeon_sprint_mu [sprint_mu_entry_cave, sprint_mu_temple_rooms,
          sprint_mu_d1_spiders, sprint_mu_d2_genie, sprint_mu_d3_branching,
          sprint_mu_orc_legion, sprint_mu_elf_gauntlet, sprint_mu_hive_nellie,
          sprint_mu_lair_fedhas, sprint_mu_vaults_butterflies,
          sprint_mu_slime_circle, sprint_mu_swamp_cave, sprint_mu_shoals_archi,
          sprint_mu_blade_basic, sprint_mu_crypt_chambers,
          sprint_mu_tomb_spiral, sprint_mu_vestibule_basic,
          sprint_mu_gehenna_hellfire, sprint_mu_dis_giant,
          sprint_mu_tartarus_statrot, sprint_mu_cocytus_islands, sprint_mu_zot1]

Skill      XL: |  1  2  3  4  5  6  7  8  9 10 11 12 13 14 |
---------------+-------------------------------------------+-----
Fire Magic     | 4 5 6 7 9 12 13 14 | 14.0
Spellcasting   | 3 5 6 7 9 10 11 12 | 12.5
Conjurations   | 3 5 7 9 10 12 13 14 | 14.4
Fighting       | 4 5 8 9 10 12 13 | 13.4
Dodging        | 4 5 7 9 10 11 12 | 12.9
Invocations    | 8 12 | 12.4
Evocations     | 7 10 | 10.0
Staves         | 13 14 | 14.0
Earth Magic    | 11 13 | 13.3
Stealth        | |  1.7

Action                   |  1- 3 |  4- 6 |  7- 9 | 10-12 | 13-15 || total
-------------------------+-------+-------+-------+-------+-------++-------
Melee: Unarmed           |     4 |     1 |     2 |       |       ||     7
       Dagger            |       |       |     6 |       |       ||     6
       Lajatang          |       |       |       |    21 |   119 ||   140
 Cast: Foxfire           |    12 |     8 |     6 |     2 |       ||    28
       Scorch            |     3 |     8 |    11 |     9 |       ||    31
       Flame Wave        |       |     4 |    15 |    27 |    14 ||    60
       Fireball          |       |       |       |    63 |    31 ||    94
       Starburst         |       |       |       |     2 |     1 ||     3
       Lehudib's Crystal |       |       |       |       |     6 ||     6
       Ignition          |       |       |       |       |     1 ||     1
Invok: Channel Magic     |       |       |       |     6 |     1 ||     7
       Divine Exegesis   |       |       |       |       |     7 ||     7
Evoke: Wand              |       |       |       |     3 |       ||     3
  Use: Potion            |       |       |     2 |     1 |       ||     3
       Scroll            |       |       |     1 |     1 |     5 ||     7
 Stab: Sleeping          |       |       |       |       |    11 ||    11
Armor: Robe              |     2 |     2 |     1 |     5 |    23 ||    33
Dodge: Dodged            |     4 |     3 |    19 |    40 |    69 ||   135

Table legend: (Time is in decaauts)
 A = Elapsed time spent in this place.
 B = Non-inter-level travel time spent in this place.
 C = Inter-level travel time spent in this place.
 D = Time resting spent in this place.
 E = Time spent auto-exploring this place.
 F = Levels seen in this place.
 G = Mean time per level.
                   A        B        C        D        E       F      G
               +--------+--------+--------+--------+--------+-----+--------+
         Total |   9301 |   8677 |    624 |   6422 |      0 |   1 | 9301.0 |
       Dungeon |   9301 |   8677 |    624 |   6422 |      0 |   1 | 9301.0 |
               +--------+--------+--------+--------+--------+-----+--------+

Top non-repeatable levels by time:
       D: 9301 daAuts
